 Dungeon Crawl Stone Soup version 0.23.1-38-g628c18f (webtiles) character file.

Game seed: 3792539446179529463

40 Borgoz the Bolt Thrower (level 3, -5/22 HPs)
             Began as a Kobold Hunter on Mar 28, 2019.
             Slain by a gnoll
             ... wielding a +0 flail
              (7 damage)
             ... on level 2 of the Dungeon.
             The game lasted 00:02:00 (809 turns).

Borgoz the Bolt Thrower (Kobold Hunter)              Turns: 809, Time: 00:02:00

Health: -5/22      AC:  3    Str: 10    XL:     3   Next: 72%
Magic:  3/3        EV: 21    Int:  9    God:
Gold:   62         SH:  0    Dex: 20    Spells: 2/2 levels left

rFire    + . .     SeeInvis .   b - +1 hand crossbow
rCold    . . .     Gourm    .   (shield restricted)
rNeg     . . .     Faith    .   c - +0 leather armour
rPois    .         Spirit   .   (no helmet)
rElec    .         Reflect  .   (no cloak)
rCorr    .         Harm     .   (no gloves)
MR       .....                  (no boots)
Stlth    +++.......             (no amulet)
HPRegen  0.07/turn              h - ring of protection from fire
MPRegen  0.08/turn              j - -3 ring of intelligence (curse)

@: agile
A: small, carnivore
a: no special abilities


You were on level 2 of the Dungeon.
You were not hungry.

You visited 1 branch of the dungeon, and saw 2 of its levels.

You collected 62 gold pieces.

Inventory:

Hand Weapons
 a - a +0 rapier
 b - a +1 hand crossbow (weapon)
 o - a +0 short sword
Missiles
 d - 26 bolts (quivered)
Armour
 c - a +0 leather armour (worn)
Jewellery
 h - a ring of protection from fire (left hand)
 j - a cursed -3 ring of intelligence (right hand)
 l - an uncursed amulet of magic regeneration
Scrolls
 e - 5 scrolls of identify {unknown}
 g - a scroll of remove curse {unknown}
 k - a scroll of teleportation {unknown}
 m - a scroll of fog {unknown}
Potions
 i - a potion of agility
Comestibles
 f - a ration


   Skills:
 + Level 2.6 Fighting
 * Level 2.1 Short Blades
 - Level 4.8 Crossbows
 + Level 0.4 Armour
 * Level 3.2 Dodging
 + Level 2.0 Stealth


You had 2 spell levels left.
You didn't know any spells.
Your spell library was empty.

Dungeon Overview and Level Annotations

Branches:
Dungeon (2/15)

Altars:
Wu Jian


Innate Abilities, Weirdness & Mutations

You are small and have problems with some larger weapons.
You are carnivorous and can eat meat at any time.


Message History

The gnoll hits you with a +0 whip.
Firing (i - inventory)
d - 27 bolts (quivered)
Press: ? - help, Shift-Dir - straight line, f/p - gnoll
Aim: a gnoll, wielding a +0 flail (severely wounded)
You shoot a bolt. The bolt hits the gnoll.
The gnoll is almost dead.
The gnoll misses you.
The frilled lizard bites you but does no damage.
The gnoll hits you with a +0 flail!
* * * LOW HITPOINT WARNING * * *
The gnoll closely misses you. The gnoll barely misses you.
The frilled lizard closely misses you.
The gnoll hits you from afar with a +0 halberd.
* * * LOW HITPOINT WARNING * * *
It was a potion of agility.
You feel agile all of a sudden. The gnoll completely misses you.
The gnoll closely misses you. The gnoll misses you.
The gnoll hits you with a +0 flail!
You die...

......(.#...!..#
........#......#
........#......#
........#......#
........((.....#
.........g#
.......g).##########
.###..glg.##......(#
#...@..##.......#
#......##.......#
#.....(##.......#####
#....####............
#........†...........
#..........####......
####.......# #......
#.......# #......
.........# #......


You could see 4 gnolls and a frilled lizard.

Vanquished Creatures
  An adder (D:2)
  2 dart slugs
  A leopard gecko (D:1)
  A ball python (D:2)
  3 goblins (D:1)
  7 hobgoblins
  3 kobolds (D:1)
  4 frilled lizards (D:1)
  3 rats
25 creatures vanquished.

Notes
Turn   | Place    | Note
-------+----------+-------------------------------------------
     0 | D:1      | Borgoz the Kobold Hunter began the quest for the Orb.
     0 | D:1      | Reached XP level 1. HP: 12/12 MP: 1/1
    98 | D:1      | Reached XP level 2. HP: 18/18 MP: 2/2
   167 | D:1      | Reached skill level 1 in Short Blades
   505 | D:1      | Reached XP level 3. HP: 22/22 MP: 3/3
   711 | D:2      | Found an ornate altar of the Wu Jian Council.
   809 | D:2      | Slain by a gnoll

Skill      XL: |  1  2  3 |
---------------+----------+-----
Short Blades   | 1 2 |  2.1
Dodging        | 3 |  3.2
Stealth        | 2 |  2.0
Fighting       | |  2.6
Crossbows      | |  4.8
Armour         | |  0.4

Action                   || total
-------------------------++-------
 Fire: Hand crossbow     ||    68
  Use: Potion            ||     1
  Eat: Chunk             ||     1
Armor: Leather armour    ||     1
Dodge: Dodged            ||    20
